 Dungeon Crawl Stone Soup version 0.24.0-2-g5b39cebb1c (webtiles) character file.

Game seed: 13667812890982975712, levelgen mode: deterministic

60 Mrkan the Chopper (level 4, 28/40 HPs)
             Began as a Hill Orc Monk on Oct 31, 2019.
             Starved to death
             ... on level 1 of the Dungeon.
             The game lasted 00:02:43 (1990 turns).

Mrkan the Chopper (Hill Orc Monk)                   Turns: 1990, Time: 00:02:43

Health: 28/40      AC: 10    Str: 14    XL:     4   Next: 6%
Magic:  4/4        EV:  4    Int: 10    God:
Gold:   27         SH:  0    Dex: 13    Spells: 3/3 levels left

rFire    . . .     SeeInvis .   a - +0 hand axe
rCold    . . .     Gourm    .   (no shield)
rNeg     . . .     Faith    .   g - +0 plate armour
rPois    .         Spirit   .   (no helmet)
rElec    .         Reflect  .   (no cloak)
rCorr    .         Harm     .   (no gloves)
MR       .....                  (no boots)
Stlth    ..........             (no amulet)
HPRegen  0.13/turn              (no ring)
MPRegen  0.09/turn              (no ring)

@: fainting
A: no striking features
a: no special abilities


You were on level 1 of the Dungeon.
You were fainting.

You visited 1 branch of the dungeon, and saw 2 of its levels.

You collected 27 gold pieces.

Inventory:

Hand Weapons
 a - a +0 hand axe (weapon)
Armour
 g - a +0 plate armour (worn)
Jewellery
 f - a +5 ring of protection {unknown}
Scrolls
 e - 2 scrolls of remove curse {unknown}
 k - a scroll of enchant weapon {unknown}
Potions
 b - a potion of experience {unknown}
 d - a potion of ambrosia
 i - a potion of flight {unknown}
 j - a potion of haste {unknown}
 l - a potion of degeneration {unknown}


   Skills:
 + Level 4.2 Fighting
 * Level 5.3 Axes
 + Level 1.6 Armour
 - Level 2.4 Dodging
 - Level 1.5 Stealth


You had 3 spell levels left.
You didn't know any spells.
Your spell library was empty.

Dungeon Overview and Level Annotations

Branches:
Dungeon (2/15)

Altars:


Message History

You miss the hungry ghost.
The hungry ghost is heavily damaged.
The hungry ghost hits you.
You feel slightly more hungry.
You closely miss the hungry ghost.
The hungry ghost is heavily damaged.
The hungry ghost hits you.
You feel slightly more hungry.
You barely miss the hungry ghost.
The hungry ghost is heavily damaged.
The hungry ghost hits you.
You feel slightly more hungry. The hungry ghost hits you.
You feel slightly more hungry.
You hit the hungry ghost.
The hungry ghost is heavily damaged.
The hungry ghost hits you.
You feel slightly more hungry.
Your plate armour prevents you from hitting the hungry ghost.
The hungry ghost is heavily damaged.
The hungry ghost hits you.
You hit the hungry ghost.
The hungry ghost is severely damaged.
You have starved to death.
You die...

#####.....#####....#
.#...........#.....#
..#.........#......#
..#....<....#.....##
.#...........#.....##
#####.....#####.....#
.....#...#..........#
......#.#...........#
...##..#........@...#
.####..........W....#
.# #........(......#
.# ##.............##
## ###...........## #
###...##...######
###...#......##
........#.....#
.##.....##.####


You could see a hungry ghost.

Vanquished Creatures
  Jessica (D:2)
  A worm (D:2)
  2 dart slugs
  A giant cockroach (D:1)
  A goblin (D:2)
  5 hobgoblins
  A kobold (D:1)
  A ball python (D:2)
  8 bats
  A frilled lizard (D:2)
  8 rats
30 creatures vanquished.

Notes
Turn   | Place    | Note
-------+----------+-------------------------------------------
     0 | D:1      | Mrkan the Hill Orc Monk began the quest for the Orb.
     0 | D:1      | Reached XP level 1. HP: 19/19 MP: 1/1
    64 | D:1      | HP: 1/20 [hobgoblin (4)]
   497 | D:1      | Reached XP level 2. HP: 27/27 MP: 2/2
   845 | D:1      | Reached skill level 1 in Armour
  1122 | D:2      | Reached XP level 3. HP: 32/33 MP: 3/3
  1360 | D:2      | Noticed Jessica
  1371 | D:2      | Killed Jessica
  1371 | D:2      | Reached skill level 5 in Axes
  1374 | D:2      | Reached XP level 4. HP: 15/40 MP: 4/4
  1938 | D:2      | Noticed a hungry ghost
  1990 | D:1      | Starved to death

Levels and vault maps discovered:
D:1:      scummos_arrival_star, layout_rooms, minmay_misc_feat_rugged
D:2:      layout_basic, uniq_jessica

Skill      XL: |  1  2  3 |
---------------+----------+-----
Armour         | 1 |  1.6
Fighting       | 4 |  4.2
Axes           | 5 |  5.3
Dodging        | |  2.4
Stealth        | |  1.5

Action                   |  1- 3 |  4- 6 || total
-------------------------+-------+-------++-------
Melee: Hand axe          |    97 |    55 ||   152
  Use: Potion            |     1 |       ||     1
 Stab: Sleeping          |     1 |       ||     1
  Eat: Chunk             |     1 |     4 ||     5
       Ration            |       |     2 ||     2
Armor: Robe              |    12 |       ||    12
       Plate armour      |    46 |    50 ||    96
Dodge: Dodged            |    57 |    10 ||    67
